 Dungeon Crawl Stone Soup version 0.20.1-1-g8b1a95d (webtiles) character file.

70 Melbolja the Magician (level 4, -11/27 HPs)
             Began as an Octopode Wizard on Oct 8, 2017.
             Mangled by ShornTheSheep's ghost (13 damage)
             ... on level 3 of the Dungeon.
             The game lasted 00:14:49 (2616 turns).

Melbolja the Magician (Octopode Wizard)             Turns: 2616, Time: 00:14:50

Health: -11/27     AC:  2    Str: 10    XL:     4   Next: 21%
Magic:  0/9        EV: 13    Int: 20    God:
Gold:   48         SH:  0    Dex: 10    Spells: 9/10 levels left

rFire    . . .     SeeInvis .   g - +0 hand axe (freeze)
rCold    . . .     Gourm    .   (no shield)
rNeg     . . .     Faith    .   a - +1 hat
rPois    .         Spirit   .   (no amulet)
rElec    .         Reflect  .   n - +3 ring of strength
rCorr    .         Harm     .   (no ring)
MR       .....                  (no ring)
Stlth    +++.......             (no ring)
Regen    0.1/turn               (no ring)
MPRegen  0.2/turn               (no ring)
                                (no ring)
                                (no ring)

@: no status effects
A: almost no armour, stealthy swim, amphibious, 8 rings, constrict 8, camouflage
1, gelatinous body 1
a: no special abilities


You were on level 3 of the Dungeon.
You were not hungry.

You visited 1 branch of the dungeon, and saw 3 of its levels.

You collected 48 gold pieces.

Inventory:

Hand Weapons
 g - a +0 hand axe of freezing (weapon)
Missiles
 p - 5 tomahawks (quivered)
Armour
 a - a +1 hat (worn)
Jewellery
 n - a +3 ring of strength (left tentacle)
Scrolls
 e - 2 scrolls of identify
 f - a scroll of magic mapping
 j - 2 scrolls of noise {unknown}
 k - a scroll of amnesia {unknown}
 m - a scroll of teleportation
Potions
 i - a potion of degeneration {unknown}
 l - a potion of berserk rage {unknown}
Books
 b - a book of Minor Magic

   Spells                             Type                      Level
   a - Magic Dart                     Conjuration                  1
   b - Blink                          Translocation                2
   c - Call Imp                       Summoning                    2
   d - Slow                           Hexes                        2
   e - Conjure Flame                  Conjuration/Fire             3
   f - Mephitic Cloud                 Conjuration/Poison/Air       3
Comestibles
 c - 3 chunks of flesh
 d - 2 royal jellies
 h - a meat ration


   Skills:
 + Level 2.2 Dodging
 * Level 3.3 Stealth
 + Level 3.8 Spellcasting
 * Level 2.3 Conjurations
   Level 1.0 Summonings
   Level 1.0 Translocations


You had 9 spell levels left.
You knew the following spells:

 Your Spells              Type           Power        Failure   Level  Hunger
a - Magic Dart            Conj           ##..         4%          1    None


Dungeon Overview and Level Annotations

Branches:
Dungeon (3/15)

Altars:

Annotations:
D:3 ShornTheSheep's ghost, amateur GrBe


Innate Abilities, Weirdness & Mutations

You cannot wear most types of armour.
You are very stealthy in the water. (Stealth+)
You are amphibious.
You can wear up to eight rings at the same time.
You can use your tentacles to constrict eight enemies at once.
Your skin changes colour to match your surroundings (Stealth+).
Your rubbery body absorbs attacks. (AC +1, EV +1)


Message History

The magic dart hits ShornTheSheep's ghost.
ShornTheSheep's ghost is lightly damaged.
ShornTheSheep's ghost closely misses you.
Casting: Magic Dart
Confirm with . or Enter, or press ? or * to list all spells.
Aiming: Magic Dart
Press: ? - help, Shift-Dir - straight line, f/p - ShornTheSheep's ghost
Aim: ShornTheSheep's ghost (lightly damaged)
The magic dart hits ShornTheSheep's ghost.
ShornTheSheep's ghost is lightly damaged.
ShornTheSheep's ghost barely misses you.
Casting: Magic Dart
Confirm with . or Enter, or press ? or * to list all spells.
Aiming: Magic Dart
Press: ? - help, Shift-Dir - straight line, f/p - ShornTheSheep's ghost
Aim: ShornTheSheep's ghost (lightly damaged)
The magic dart hits ShornTheSheep's ghost.
ShornTheSheep's ghost is lightly damaged.
ShornTheSheep's ghost hits you!
You die...

.. .. ... ##.##
... $... .>..
#..# ... #..##.#
####.%...#.##
#....@W.....#
..###.....###..##
..........+
####.....#
#.....###..#.
#............
####.#####.#.
#...............
#..............


You could see ShornTheSheep's ghost.

Vanquished Creatures
  An adder (D:2)
  A dart slug (D:2)
  3 leopard geckos
  5 bats
  6 giant cockroaches
  6 goblins
  4 hobgoblins
  6 jackals
  10 kobolds
  2 ball pythons
  A frilled lizard (D:2)
  6 rats
51 creatures vanquished.

Notes
Turn   | Place    | Note
-------+----------+-------------------------------------------
     0 | D:1      | Melbolja the Octopode Wizard began the quest for the Orb.
     0 | D:1      | Reached XP level 1. HP: 11/11 MP: 4/4
   270 | D:1      | Reached XP level 2. HP: 17/17 MP: 0/6
   797 | D:1      | Reached XP level 3. HP: 16/21 MP: 0/8
  2131 | D:2      | Reached XP level 4. HP: 24/27 MP: 5/9
  2606 | D:3      | Noticed ShornTheSheep's ghost (amateur GrBe)
  2616 | D:3      | Mangled by ShornTheSheep's ghost

Skill      XL: |  1  2  3 |
---------------+----------+-----
Stealth        | 3 |  3.3
Conjurations   | 2 |  2.3
Dodging        | |  2.2
Spellcasting   | |  3.8
Summonings     | |  1.0
Translocations | |  1.0

Action                   |  1- 3 |  4- 6 || total
-------------------------+-------+-------++-------
Melee: Unarmed           |    23 |       ||    23
       Constrict         |     7 |       ||     7
       Tentacles         |     5 |       ||     5
       Hand axe          |     5 |     1 ||     6
 Cast: Magic Dart        |   103 |    20 ||   123
  Use: Scroll            |     9 |       ||     9
 Stab: Sleeping          |     1 |       ||     1
  Eat: Bread ration      |     1 |       ||     1
       Chunk             |     1 |       ||     1
Armor: Skin              |     1 |     6 ||     7
Dodge: Dodged            |    31 |    14 ||    45
